 Dungeon Crawl Stone Soup version 0.29.1-2-gbd0b4ee654 (webtiles) character file.

Game seed: 6316817150798367220

2220 zermelo the Cleaver (level 9, -6/70 HPs)
             Began as a Minotaur Berserker on Nov 11, 2022.
             Was an Elder of Trog.
             Mangled by an ogre
             ... wielding a +0 giant spiked club
              (17 damage)
             ... on level 6 of the Dungeon.
             The game lasted 01:12:06 (6618 turns).

zermelo the Cleaver (Minotaur Berserker)            Turns: 6618, Time: 01:12:06

Health: -6/70      AC: 14    Str: 30    XL:     9   Next: 13%
Magic:  8/8        EV:  8    Int:  4    God:    Trog [****..]
Gold:   360        SH:  0    Dex: 10    Spells: 8/8 levels left

rFire   . . .      SeeInvis .   e - +3 executioner's axe (elec)
rCold   . . .      Faith    .   (shield currently unavailable)
rNeg    . . .      Spirit   .   o - +0 plate armour
rPois   .          Reflect  .   u - +0 hat of Red Music {Drain rCorr Str+4}
rElec   .          Harm     .   q - +1 cloak
rCorr   +          Rampage  .   (no gloves)
Will    .....                   j - +0 pair of boots
Stlth   ..........              (no amulet)
HPRegen 0.21/turn               (no ring)
MPRegen 0.11/turn               (no ring)

@: slowed, studying Dodging, very slow
A: horns 2, retaliatory headbutt
a: Renounce Religion, Berserk, Trog's Hand, Brothers in Arms


You were on level 6 of the Dungeon.
You worshipped Trog.
Trog was greatly pleased with you.
You visited 1 branch of the dungeon, and saw 6 of its levels.

You collected 360 gold pieces.

Inventory:

Hand Weapons
 e - a +3 executioner's axe of electrocution (weapon)
Missiles
 c - 8 stones (quivered)
 i - 16 poisoned darts
 l - 4 javelins
 p - 5 throwing nets
 r - 3 boomerangs
Armour
 j - a +0 pair of boots (worn)
 o - a +0 plate armour (worn)
 q - a +1 cloak (worn)
 u - the +0 hat of Red Music (worn) {Drain rCorr Str+4}
   (You acquired it on level 5 of the Dungeon)

   Str:       It affects your strength (+4).
   rCorr:     It protects you from acid and corrosion.
   Drain:     It drains your maximum health when unequipped.
 x - a +0 chain mail of poison resistance
Jewellery
 f - a ring of protection from fire
Wands
 s - a wand of polymorph (11)
Scrolls
 w - a scroll of teleportation
Potions
 a - 2 potions of haste
 d - 3 potions of attraction
 g - a potion of flight
 h - 2 potions of lignification
 m - a potion of mutation {unknown}
 n - a potion of degeneration {unknown}
 t - a potion of curing {unknown}
 v - a potion of berserk rage {unknown}


   Skills:
 - Level 3.6 Fighting
 * Level 14.6 Axes
 - Level 2.4 Armour
 - Level 2.1 Dodging


You had 8 spell levels left.
You didn't know any spells.
Your spell library was empty.

Dungeon Overview and Level Annotations

Branches:
Dungeon (6/15)
 Temple: D:4-7

Altars:
Dithmenos
Hepliaklqana
Uskayaw
Zin

Shops:
D:1 ((

Annotations:
D:5 3 runed translucent doors, qeuew's ghost, novice DsGl


Innate Abilities, Weirdness & Mutations

You have a pair of horns on your head.
You reflexively headbutt those who attack you in melee.


Message History

The kobold throws a stone.
The stone hits you but does no damage. The kobold hits you but does no damage.
You closely miss the kobold.
The black bear growls angrily.
You headbutt the kobold.
The kobold is severely wounded.
You barely miss the kobold.
You feel sick. The kobold hits you but does no damage.
A wight comes into view. It is wielding a +4 great sword.
The kobold hits you but does no damage. x3
You slice the kobold!!
You kill the kobold!
Trog accepts your kill.
You closely miss the kobold. x2; You feel sick.
The kobold hits you with a +0 short sword.
The kobold hits you but does no damage.
An adder comes into view.
The kobold barely misses you.
The kobold hits you but does no damage. x2
You slice the kobold!!
You kill the kobold!
Trog accepts your kill.
You barely miss the kobold. x2; You feel sick.
You are no longer poisoned.
The kobold hits you but does no damage. x2; The kobold closely misses you.
The kobold hits you but does no damage. The ogre barely misses you.
The kobold closely misses you. You furiously retaliate!
You headbutt the kobold.
You kill the kobold!
Trog accepts your kill. The kobold hits you but does no damage.
The white imp sputters.
The ogre attacks as you move away! The ogre barely misses you.
The ogre hits you with a +0 giant spiked club!
* * * LOW HITPOINT WARNING * * *
The kobold hits you but does no damage.
You fail to use your ability.
The kobold hits you with a +0 short sword.
* * * LOW HITPOINT WARNING * * *
The ogre hits you with a +0 giant spiked club!
You die...

#.<## #..# #..# #..#
#..## ##..### .
##...########### ...
##...)....Kz5)##)....
##......@OKKSzK.....
##....######zh.....
###### ##..... ....
... .. .


You could see a black bear, an ogre, 3 wights, an adder, a white imp and 4
kobolds.

Vanquished Creatures
  Pikel (D:5)
  The ghost of BoomerKuwanger the Chopper, an amateur MiBe of Trog (D:3)
  A steam dragon (D:5)
  Edmund (D:5)
  Duvessa (D:5)
  2 ogres
  A phantom (D:5)
  A kobold brigand (D:6)
  2 lemures (D:5)
  A necrophage (D:5)
  2 scorpions (D:4)
  Dowan (D:5)
  A vampire bat (D:4)
  A hound (D:5)
  Crazy Yiuf (D:3)
  A gnoll bouda (D:3)
  5 iguanas
  22 gnolls
  8 adders
  A white imp (D:5)
  An ufetubus (D:5)
  A worm (D:2)
  A dart slug (D:1)
  3 fire bats (D:4)
  5 orcs (D:5)
  2 spectral bats (D:4)
  10 bats
  3 bat skeletons (D:4)
  A bat zombie (D:4)
  12 endoplasms
  3 giant cockroaches
  9 goblins
  8 hobgoblins
  7 jackals
  5 kobolds
  3 quokkas
  7 ball pythons
  A bat simulacrum (D:4)
  6 frilled lizards
  3 rats
146 creatures vanquished.

Vanquished Creatures (others)
  7 plants
7 creatures vanquished.

Grand Total: 153 creatures vanquished

Notes
Turn   | Place    | Note
-------+----------+-------------------------------------------
     0 | D:1      | zermelo the Minotaur Berserker began the quest for the Orb.
     0 | D:1      | Reached XP level 1. HP: 19/19 MP: 0/0
   139 | D:1      | Reached skill level 4 in Axes
   161 | D:1      | Found Bihy's Weapon Emporium.
   233 | D:1      | Reached XP level 2. HP: 24/26 MP: 1/1
   336 | D:1      | Found Bugeust's Antique Weapon Boutique.
   432 | D:1      | Reached ** piety under Trog
  1046 | D:2      | Reached skill level 5 in Axes
  1068 | D:2      | Reached XP level 3. HP: 25/31 MP: 2/2
  1297 | D:2      | Identified a scroll of acquirement
  1297 | D:2      | Acquired a +1 executioner's axe of electrocution
  1406 | D:2      | Reached skill level 6 in Axes
  1406 | D:2      | Reached XP level 4. HP: 31/39 MP: 3/3
  1658 | D:2      | Found a shadowy altar of Dithmenos.
  2193 | D:3      | Found a faded altar of an unknown god.
  2272 | D:3      | Reached XP level 5. HP: 45/45 MP: 4/4
  2383 | D:3      | Found a runed translucent door.
  2384 | D:3      | Noticed Crazy Yiuf
  2420 | D:3      | Noticed BoomerKuwanger's ghost (amateur MiBe)
  2448 | D:3      | Found a transporter.
  2490 | D:3      | Found a transporter.
  2671 | D:3      | Killed Crazy Yiuf
  2672 | D:3      | Reached skill level 7 in Axes
  3159 | D:4      | Reached skill level 8 in Axes
  3283 | D:4      | Reached XP level 6. HP: 51/51 MP: 5/5
  3326 | D:4      | Found a hide-covered altar of Uskayaw.
  3425 | D:4      | Reached *** piety under Trog
  3636 | D:4      | Reached skill level 9 in Axes
  3773 | D:4      | Reached XP level 7. HP: 51/57 MP: 6/6
  4005 | D:4      | Reached skill level 10 in Axes
  4311 | D:3      | Killed BoomerKuwanger's ghost
  4322 | D:3      | HP: 1/57 [gnoll/+1 spear of chaos (10)]
  4335 | D:3      | Reached skill level 11 in Axes
  4751 | D:5      | Entered Level 5 of the Dungeon
  4809 | D:5      | Acquired the +0 hat of Red Music {Drain rCorr Str+4}
  4902 | D:5      | Noticed Pikel
  4911 | D:5      | Killed Pikel
  4912 | D:5      | Reached skill level 12 in Axes
  4912 | D:5      | Reached XP level 8. HP: 61/64 MP: 7/7
  4983 | D:5      | Found a runed translucent gate.
  4984 | D:5      | Found a runed translucent gate.
  4986 | D:5      | Found a runed translucent gate.
  4987 | D:5      | Noticed qeuew's ghost (novice DsGl)
  5030 | D:5      | Noticed Edmund
  5038 | D:5      | Killed Edmund
  5039 | D:5      | Reached skill level 13 in Axes
  5203 | D:5      | Reached **** piety under Trog
  5473 | D:5      | Reached skill level 14 in Axes
  5485 | D:5      | Found a hazy altar of Hepliaklqana.
  5486 | D:5      | Found a glowing silver altar of Zin.
  5675 | D:5      | Noticed Duvessa
  5675 | D:5      | Noticed Dowan
  5683 | D:5      | Killed Duvessa
  5684 | D:5      | Reached XP level 9. HP: 68/70 MP: 8/8
  5696 | D:5      | Killed Dowan
  6618 | D:6      | Mangled by an ogre

Illustrated notes

Levels and vault maps discovered:
D:1:      dpeg_arrival_ternary, layout_basic, serial_shops, shop,
          nicolae_shop_waterfront, item_on_display_a
D:2:      kennysheep_the_goblin_king, layout_loops_ring, basic_altar
D:3:      layout_rooms, shapermc_ecumenical_altar_notcrosses,
          gammafunk_ghost_gnarly_gnolls, uniq_crazy_yiuf_cottage
D:4:      layout_basic, kennysheep_little_box, goddamned_bats
D:5:      layout_loops_ring, mainiacjoe_overflow_big_doors,
          biasface_ghost_orc_armoury, uniq_edmund, uniq_pikel, uniq_duvessa
D:6:      layout_layer_cave, kennysheep_mini

Skill      XL: |  1  2  3  4  5  6  7  8 |
---------------+-------------------------+-----
Axes           | 4 5 6 8 9 12 14 | 14.6
Fighting       | |  3.6
Armour         | |  2.4
Dodging        | |  2.1

Action                   |  1- 3 |  4- 6 |  7- 9 || total
-------------------------+-------+-------+-------++-------
Melee: Hand axe          |    46 |       |       ||    46
       Headbutt          |     4 |    12 |    16 ||    32
       Punch             |     1 |       |       ||     1
       Executioner's axe |     9 |   105 |   107 ||   221
Throw: Stone             |    13 |    13 |    11 ||    37
       Javelin           |       |       |     7 ||     7
Invok: Berserk           |       |     1 |       ||     1
  Use: Scroll            |     1 |     5 |     7 ||    13
       Potion            |       |       |     3 ||     3
 Stab: Sleeping          |     1 |       |       ||     1
Armor: Animal skin       |     4 |       |       ||     4
       Chain mail        |     5 |    31 |       ||    36
       Plate armour      |       |    55 |    98 ||   153
Dodge: Dodged            |    30 |    64 |    65 ||   159
